 Dungeon Crawl Stone Soup version 0.30.0-20-g3615ddf2f0 (webtiles) character file.

Game seed: 8657090987756494733

222 qw the Chopper (level 5, 0/32 HPs)
             Began as a Gargoyle Fighter on May 29, 2023.
             Was an Initiate of Okawaru.
             Engulfed by a steam dragon's steam (9 damage)
             ... on level 6 of the Dungeon.
             The game lasted 00:01:36 (3778 turns).

qw the Chopper (Gargoyle Fighter)                   Turns: 3778, Time: 00:01:36

Health: 0/32       AC: 16    Str: 21    XL:     5   Next: 99%
Magic:  5/5        EV:  5    Int:  9    God:    Okawaru [......]
Gold:   40         SH:  4    Dex:  9    Spells: 4/4 levels left

rFire   . . .        Y - +0 war axe
rCold   . . .        c - +0 buckler
rNeg    + . .        l - +0 plate armour
rPois   inf          (no helmet)
rElec   +            o - +0 cloak
rCorr   .            (no gloves)
SInv    +            (no boots)
Will    .....        f - amulet of faith Stlth
                     e - ring of see invisible
HPRegen 0.25/turn    (no ring)
MPRegen 0.09/turn

%: faith
@: no status effects
A: sickness immunity, AC +4, negative energy resistance 1, electricity
resistance, torment resistance 1, petrification resistance
a: Renounce Religion


You were on level 6 of the Dungeon.
You worshipped Okawaru.
Okawaru was noncommittal.
You visited 2 branches of the dungeon, and saw 6 of its levels.

You collected 157 gold pieces.
You spent 117 gold pieces at shops.


Innate Abilities, Weirdness & Mutations

You are immune to sickness and miasma.
Your stone body is resilient. (AC +4)
You are immune to poison.
You resist negative energy. (rN+)
You are resistant to electric shocks. (rElec)
You are resistant to unholy torment.
You are immune to petrification.


   Skills:
 + Level 3.3 Fighting
 - Level 5.1 Axes
 - Level 1.4 Throwing
 - Level 3.2 Armour
 - Level 3.2 Shields


You had 4 spell levels left.
You didn't know any spells.
Your spell library was empty.

Inventory:

Hand Weapons
 g - a +0 mace
 Y - a +0 war axe (weapon)
Missiles
 s - 3 javelins (quivered)
Armour
 c - a +0 buckler (worn)
 l - a +0 plate armour (worn)
 o - a +0 cloak (worn)
Jewellery
 b - an amulet of reflection
 e - a ring of see invisible (left hand)
 f - an amulet of faith (around neck)
Scrolls
 p - 3 scrolls of teleportation
 q - a scroll of identify
Potions
 a - 2 potions of heal wounds
 d - a potion of might
 h - a potion of lignification
 i - a potion of cancellation
 j - a potion of attraction
 k - 2 potions of curing

Dungeon Overview and Level Annotations

Branches:
Dungeon (4/15)             Temple (1/1) D:4

Altars:
Ashenzari
Dithmenos
Elyvilon
Gozag
Makhleb
Nemelex Xobeh
Okawaru
Sif Muna
Trog
Vehumet
Xom
Yredelemnul
The Shining One

Shops:
D:4 *

Annotations:
D:3 1 runed translucent door, qw's ghost, amateur GrFi


Message History

An orc comes into view. It is wielding a +0 mace.
You throw a javelin. The javelin pierces through the orc!
You kill the orc!
Okawaru accepts your kill.
You hear a splash.
A steam dragon comes into view.
3765 ||| Stepping ~*~*~tactically~*~*~ (stealth).
A steam dragon and an orc wizard come into view.
The steam dragon hisses angrily.
The orc wizard shouts!
You hear a shout!
The steam dragon breathes steam at you. The ball of steam hits you!
An orc comes into view. It is wielding a +0 short sword.
3767 ||| Stepping ~*~*~tactically~*~*~ (hiding).
You hear the slow hiss of a distant avalanche of sand.
You start resting.
3769 ||| Stepping ~*~*~tactically~*~*~ (hiding).
You start resting.
An orc wizard is nearby!
3771 ||| Stepping ~*~*~tactically~*~*~ (hiding).
You start resting.
There are monsters nearby!
3773 ||| Stepping ~*~*~tactically~*~*~ (hiding).
You hit the steam dragon but do no damage.
The steam dragon bites you! The steam dragon claws you.
You closely miss the steam dragon. The steam dragon breathes steam at you.
The ball of steam hits you but does no damage.
You hear a shout!
You hit the steam dragon.
The steam dragon is lightly wounded.
You slash the orc wizard!
You are engulfed in a cloud of scalding steam.
The steam dragon bites you but does no damage.
The steam dragon claws you but does no damage.
The orc wizard barely misses you.
You closely miss the orc wizard.
The orc wizard is severely wounded.
You barely miss the steam dragon.
You are engulfed in a cloud of scalding steam.
You die...

....###..###
#........# #...#
###..####........#
#####
##.............#
#.##..[.......#
#.####..:.....#
..# ###......#
P.## #.##.....#..
~.# #¤.o........
~~P #¤@D#.......
~~P. ##¤##..~~...
#.# .~.¤~.. .##
~~¤o~.. .. ~.)~..~
..# ...oD}~ ###
o.~..~}


You could see a steam dragon and an orc wizard.

Vanquished Creatures
  A hound (D:4)
  Jessica (D:2)
  Natasha (twice) (D:4)
  4 adders
  A worm (D:2)
  6 orcs
  6 bats
  2 endoplasms (D:3)
  2 giant cockroaches
  6 goblins
  8 hobgoblins
  9 jackals
  6 ball pythons
  6 frilled lizards
  7 kobolds
  5 rats
72 creatures vanquished.

Notes
Turn   | Place    | Note
-------+----------+-------------------------------------------
     0 | D:1      | qw the Gargoyle Fighter began the quest for the Orb.
     0 | D:1      | Reached XP level 1. HP: 14/14 MP: 1/1
     0 | D:1      | 0 ||| qw: Version: 0.2-a-102-g2b76a06
     0 | D:1      | 0 ||| qw: Game counter: 389
     0 | D:1      | 0 ||| qw: Always use a shield: true
     0 | D:1      | 0 ||| qw: God list: Okawaru
     0 | D:1      | 0 ||| qw: Allow faded altars: false
     0 | D:1      | 0 ||| qw: Do Orc after D:15 true
     0 | D:1      | 0 ||| qw: Do second Lair branch before Depths: true
     0 | D:1      | 0 ||| qw: Lair rune preference: random
     0 | D:1      | 0 ||| qw: Plans: Normal, Zot:1-4, Slime:5, God:TSO, Crypt,
                  | Tomb, Pan, Hells, Abyss, Win
     0 | D:1      | 0 ||| PLANNING D:1-11
    29 | D:1      | Reached skill level 2 in Axes
   239 | D:1      | Reached XP level 2. HP: 17/19 MP: 2/2
   890 | D:1      | 890 ||| UPGRADING to +0 plate armour.
   900 | D:1      | 900 ||| DROPPING +0 scale mail.
   901 | D:1      | 901 ||| UPGRADING to +0 cloak.
   906 | D:1      | 906 ||| UPGRADING to ring of see invisible.
   907 | D:1      | 907 ||| DROPPING +6 ring of intelligence.
   908 | D:1      | 908 ||| READING 2 scrolls labelled NELO DIOKHLULE.
   909 | D:1      | 909 ||| READING scroll labelled LAKYTU CEGGA.
   910 | D:1      | 910 ||| READING scroll labelled JAVVYO PAASY.
   913 | D:1      | 913 ||| DRINKING 2 fizzy grey potions.
   914 | D:1      | 914 ||| DRINKING 2 grey potions.
   915 | D:1      | 915 ||| DROPPING scroll of blinking.
   991 | D:2      | 991 ||| Stepping ~*~*~tactically~*~*~ (stealth).
   992 | D:2      | 992 ||| Stepping ~*~*~tactically~*~*~ (stealth).
  1008 | D:2      | Reached skill level 3 in Axes
  1008 | D:2      | Reached XP level 3. HP: 21/23 MP: 3/3
  1238 | D:2      | Noticed Jessica
  1243 | D:2      | Killed Jessica
  1244 | D:2      | Reached XP level 4. HP: 28/28 MP: 4/4
  1422 | D:2      | 1422 ||| Stepping ~*~*~tactically~*~*~ (stealth).
  1436 | D:2      | Reached skill level 4 in Axes
  1820 | D:2      | 1820 ||| UPGRADING to amulet of the acrobat.
  1825 | D:2      | 1825 ||| READING scroll labelled PUSIJU XUAK.
  1826 | D:2      | 1826 ||| READING scroll labelled XEOSHU KUONEGO.
  1845 | D:2      | 1845 ||| DRINKING 2 fizzy puce potions.
  1846 | D:2      | 1846 ||| DRINKING 2 amethyst potions.
  1924 | D:3      | Found a broken altar of Ashenzari.
  1964 | D:3      | Found a white marble altar of Elyvilon.
  1970 | D:3      | 1970 ||| Stepping ~*~*~tactically~*~*~ (hiding).
  2081 | D:3      | 2081 ||| Stepping ~*~*~tactically~*~*~ (hiding).
  2082 | D:3      | 2082 ||| Stepping ~*~*~tactically~*~*~ (hiding).
  2134 | D:3      | 2134 ||| Stepping ~*~*~tactically~*~*~ (stealth).
  2595 | D:3      | Found a runed translucent door.
  2597 | D:3      | Noticed qw's ghost (amateur GrFi)
  2876 | D:3      | 2876 ||| DROPPING orb of light.
  2877 | D:3      | 2877 ||| READING scroll labelled GOPUILA REXU.
  2878 | D:3      | 2878 ||| READING scroll labelled UCAMYE YSME.
  2879 | D:3      | 2879 ||| DRINKING 2 coppery potions.
  2984 | D:3      | 2984 ||| DROPPING potion of berserk rage.
  3024 | D:3      | 3024 ||| Stepping ~*~*~tactically~*~*~ (hiding).
  3025 | D:3      | 3025 ||| Stepping ~*~*~tactically~*~*~ (hiding).
  3026 | D:3      | 3026 ||| Stepping ~*~*~tactically~*~*~ (hiding).
  3027 | D:3      | 3027 ||| Stepping ~*~*~tactically~*~*~ (hiding).
  3231 | D:3      | 3231 ||| UPGRADING to amulet of reflection.
  3241 | D:3      | 3241 ||| DROPPING amulet of the acrobat.
  3284 | D:4      | Noticed Natasha
  3292 | D:4      | Killed Natasha
  3293 | D:4      | Reached XP level 5. HP: 32/32 MP: 5/5
  3308 | D:4      | 3308 ||| Stepping ~*~*~tactically~*~*~ (stealth).
  3359 | D:4      | Reached skill level 1 in Throwing
  3379 | D:4      | Found Pucojas's General Store.
  3387 | D:4      | 3387 ||| BUYING 3 scrolls of identify (78 gold).
  3387 | D:4      | Bought 3 scrolls of identify for 78 gold pieces
  3387 | D:4      | 3387 ||| SHOPLISTING potion of haste (130 gold, have 44).
  3387 | D:4      | 3387 ||| SHOPLISTING ring of willpower (325 gold, have 44).
  3387 | D:4      | 3387 ||| BUYING scroll of teleportation (39 gold).
  3387 | D:4      | Bought a scroll of teleportation for 39 gold pieces
  3425 | D:4      | Found a staircase to the Ecumenical Temple.
  3426 | D:4      | 3426 ||| PLANNING TEMPLE
  3427 | D:4      | 3427 ||| Stepping ~*~*~tactically~*~*~ (hiding).
  3443 | D:4      | Noticed Natasha
  3455 | D:4      | Killed Natasha
  3456 | D:4      | Reached skill level 5 in Axes
  3565 | D:4      | 3565 ||| UPGRADING to amulet of faith.
  3575 | D:4      | 3575 ||| READING scroll labelled OPHEIHUTIA.
  3576 | D:4      | 3576 ||| READING 5 scrolls of identify.
  3576 | D:4      | 3576 ||| IDENTIFYING red potion
  3577 | D:4      | 3577 ||| READING 4 scrolls of identify.
  3577 | D:4      | 3577 ||| IDENTIFYING viscous pink potion
  3578 | D:4      | 3578 ||| Stepping ~*~*~tactically~*~*~ (stealth).
  3579 | D:4      | 3579 ||| Stepping ~*~*~tactically~*~*~ (stealth).
  3580 | D:4      | 3580 ||| Stepping ~*~*~tactically~*~*~ (stealth).
  3581 | D:4      | 3581 ||| READING 3 scrolls of identify.
  3581 | D:4      | 3581 ||| IDENTIFYING viscous golden potion
  3582 | D:4      | 3582 ||| READING 2 scrolls of identify.
  3582 | D:4      | 3582 ||| IDENTIFYING bubbling brown potion
  3583 | D:4      | 3583 ||| DROPPING potion of magic.
  3584 | D:4      | 3584 ||| DROPPING potion of invisibility.
  3585 | D:4      | 3585 ||| DROPPING potion of ambrosia.
  3593 | Temple   | Entered the Ecumenical Temple
  3595 | Temple   | 3595 ||| PLANNING OKAWARU WORSHIP
  3670 | Temple   | Became a worshipper of Warmaster Okawaru
  3670 | Temple   | 3670 ||| PLANNING D:1-11
  3718 | D:4      | Found a shimmering blue altar of Sif Muna.
  3720 | D:4      | You fall into a shaft and drop 2 floors!
  3722 | D:6      | 3722 ||| PLANNING OSSUARY
  3764 | D:6      | Noticed a steam dragon
  3765 | D:6      | 3765 ||| Stepping ~*~*~tactically~*~*~ (stealth).
  3767 | D:6      | 3767 ||| Stepping ~*~*~tactically~*~*~ (hiding).
  3769 | D:6      | 3769 ||| Stepping ~*~*~tactically~*~*~ (hiding).
  3771 | D:6      | 3771 ||| Stepping ~*~*~tactically~*~*~ (hiding).
  3773 | D:6      | 3773 ||| Stepping ~*~*~tactically~*~*~ (hiding).
  3778 | D:6      | Engulfed by a steam dragon's steam

Levels and vault maps discovered:
D:1:      dpeg_arrival_rooms_a, layout_basic
D:2:      layout_basic, minmay_pentomino_pile, uniq_jessica
D:3:      minmay_door_path, layout_loops_ring, evilmike_ruin_ashenzari,
          mainiacjoe_overflow_brackets, ebering_ghost_reflecting_pool
D:4:      layout_rooms, mainiacjoe_overflow_concentric_impassable,
          nicolae_ru_sacrificial_ziggurat, minmay_temple_entry_mini_moons,
          gammafunk_ghost_cemetery, serial_shops, shop, uniq_natasha
D:6:      cheibrodos_helix_gallery, layout_cave_pods,
          nicolae_qazlal_style_of_elements, nicolae_ossuary_entry_catacombs,
          minmay_misc_feat_alley, serial_bayou_pond_b
Temple:   eino_temple_lava

Skill      XL: |  1  2  3  4  5 |
---------------+----------------+-----
Axes           | 2 3 4 5 |  5.1
Throwing       | 1 |  1.4
Fighting       | |  3.3
Armour         | |  3.2
Shields        | |  3.2

Action                     |  1- 3 |  4- 6 || total
---------------------------+-------+-------++-------
  Melee: War axe           |    89 |   114 ||   203
         Unarmed           |     2 |     5 ||     7
  Throw: Javelin           |       |    13 ||    13
    Use: Scroll            |     3 |     9 ||    12
         Potion            |     2 |     3 ||     5
 Armour: Scale mail        |    16 |       ||    16
         Plate armour      |    43 |    90 ||   133
         Skin              |       |     1 ||     1
  Dodge: Dodged            |    31 |    28 ||    59
  Block: Buckler           |    15 |    41 ||    56

Table legend:
 A = Non-vault XP
 B = Vault XP
 C = Vault XP percentage of total XP
 D = Non-vault monster count
 E = Vault monster count
 F = Vault count percentage of total count
                 A         B        C        D         E       F
            +---------+---------+-------+---------+---------+-------
      Total |     238 |      80 |  25.2 |      65 |       7 |   9.7
            +---------+---------+-------+---------+---------+-------
        D:1 |      22 |       0 |   0.0 |      15 |       0 |   0.0
        D:2 |      46 |      44 |  48.9 |      19 |       5 |  20.8
        D:3 |      37 |       1 |   2.6 |      14 |       1 |   6.7
        D:4 |     127 |      35 |  21.6 |      15 |       1 |   6.2
        D:6 |       6 |       0 |   0.0 |       2 |       0 |   0.0
            +---------+---------+-------+---------+---------+-------
